[ AOE2 MATCH · #506679451 ]
UnrankedTeutons vs Franks
Player's team · LOSS
Rival team · WIN
[ REPLAY ANALYSIS · EXTRACTED FROM THE RECORDED GAME ]
Feudal
9:00
Castle
—
Imperial
—
| APM avg | 81.7 |
| APM peak | 108 |
| eAPM avg | 24.2 |
| Villagers / military | 22 / 4 |
Focus
⚔️ 49.3% · 🌾 50.7%
Militia ×2 · Spearman ×2
Feudal
8:53
Castle
—
Imperial
—
| APM avg | 54.7 |
| APM peak | 76 |
| eAPM avg | 19.3 |
| Villagers / military | 25 / 7 |
Focus
⚔️ 43.1% · 🌾 56.9%
Militia ×6 · Spearman ×1
Match map
Initial resources + every placement click. Lines = walls · curves = elevation contours. ◆ gold · ⬟ stone · ● berries · ✦ relic · ◌ wall gap
Your base
Crankshaft's base
Smoothed initial terrain · ◌ = detected wall gap · hover for details
Inputs per minute
— _Riley_ - - Crankshaft
Build order — _Riley_
41 actions detected in the replay
| 0:01 | Queue | Villager (Male) |
| 0:01 | Queue | Villager (Male) |
| 0:01 | Queue | Villager (Male) |
| 0:05 | Build | House |
| 0:07 | Build | House |
| 0:10 | Queue | Villager (Male) |
| 1:28 | Queue | Villager (Male) |
| 1:28 | Queue | Villager (Male) |
| 1:55 | Build | Lumber Camp |
| 1:58 | Queue | Villager (Male) |
| 2:13 | Queue | Villager (Male) |
| 2:47 | Queue | Villager (Male) |
| 3:18 | Queue | Villager (Male) |
| 3:41 | Build | House |
| 3:48 | Queue | Villager (Male) |
| 4:03 | Queue | Villager (Male) |
| 4:25 | Queue | Villager (Male) |
| 4:52 | Queue | Villager (Male) |
| 5:11 | Queue | Villager (Male) |
| 5:15 | Queue | Villager (Male) |
| 5:36 | Build | House |
| 5:42 | Build | Barracks |
| 6:07 | Research | Loom |
| 6:50 | Research | Feudal Age |
| 6:50 | Research | Feudal Age |
| 7:15 | Queue | Militia |
| 7:15 | Queue | Militia |
| 7:36 | Build | Mill |
| 8:53 | Queue | Villager (Male) |
| 9:00 | Age | Feudal Age |
| 9:07 | Queue | Spearman |
| 9:07 | Queue | Spearman |
| 9:09 | Queue | Villager (Male) |
| 9:35 | Build | Stable |
| 9:36 | Queue | Villager (Male) |
| 9:52 | Queue | Villager (Male) |
| 9:55 | Build | Palisade Wall |
| 10:03 | Queue | Villager (Male) |
| 10:11 | Research | Double-Bit Axe |
| 10:12 | Queue | Villager (Male) |
| 10:18 | Build | House |
Build order — Crankshaft
51 actions detected in the replay
| 0:01 | Queue | Villager (Male) |
| 0:02 | Build | House |
| 0:04 | Build | House |
| 0:15 | Queue | Villager (Male) |
| 0:15 | Queue | Villager (Male) |
| 0:16 | Queue | Villager (Male) |
| 0:16 | Queue | Villager (Male) |
| 1:32 | Queue | Villager (Male) |
| 1:32 | Queue | Villager (Male) |
| 2:06 | Queue | Villager (Male) |
| 2:07 | Queue | Villager (Male) |
| 2:14 | Build | Lumber Camp |
| 2:33 | Queue | Villager (Male) |
| 2:33 | Queue | Villager (Male) |
| 2:34 | Queue | Villager (Male) |
| 2:53 | Queue | Villager (Male) |
| 3:12 | Queue | Villager (Male) |
| 3:34 | Queue | Villager (Male) |
| 3:35 | Queue | Villager (Male) |
| 3:35 | Research | Loom |
| 3:56 | Build | House |
| 4:01 | Queue | Villager (Male) |
| 4:03 | Queue | Villager (Male) |
| 4:46 | Queue | Villager (Male) |
| 5:20 | Build | Barracks |
| 5:40 | Queue | Villager (Male) |
| 6:09 | Build | House |
| 6:43 | Research | Feudal Age |
| 7:08 | Build | Mining Camp |
| 7:10 | Queue | Militia |
| 7:10 | Queue | Militia |
| 7:10 | Queue | Militia |
| 7:10 | Queue | Militia |
| 7:58 | Queue | Militia |
| 7:58 | Queue | Militia |
| 8:53 | Age | Feudal Age |
| 8:57 | Queue | Villager (Male) |
| 8:58 | Research | Man-at-Arms (upgrade) |
| 9:07 | Research | Double-Bit Axe |
| 9:17 | Build | Mill |
| 9:17 | Queue | Villager (Male) |
| 9:36 | Build | Palisade Wall |
| 9:37 | Build | Palisade Wall |
| 9:39 | Build | Palisade Wall |
| 9:41 | Build | Palisade Wall |
| 9:47 | Queue | Villager (Male) |
| 10:00 | Queue | Spearman |
| 10:03 | Build | House |
| 10:17 | Queue | Villager (Male) |
| 10:23 | Queue | Villager (Male) |
| 10:24 | Build | House |
Match timeline
| 5:20 | Crankshaft · first_building Barracks |
| 5:42 | _Riley_ · first_building Barracks |
| 8:53 | Crankshaft · age_up feudal |
| 9:00 | _Riley_ · age_up feudal |
| 9:35 | _Riley_ · first_building Stable |
| 9:36 | Crankshaft · wall_segment Palisade Wall x1 |
| 9:37 | Crankshaft · wall_segment Palisade Wall x1 |
| 9:39 | Crankshaft · wall_segment Palisade Wall x1 |
| 9:41 | Crankshaft · wall_segment Palisade Wall x1 |
| 9:55 | _Riley_ · wall_segment Palisade Wall x1 |
| 10:29 | _Riley_ · resign |
[ AI ANALYSIS · 1 CREDIT ]
What really happened in this match?
Wolo.gg analyzes every decision: build order, eco, micro, common mistakes by bracket. Personalized analysis on WhatsApp or Discord in 30 seconds.
Civ guide
Teutons
Perfil
Jugador #389998